[Event "Baku Open 2024"]
[Site "Baku"]
[Date "2024.07.06"]
[Round "8.44"]
[White "Ismayil, Malak"]
[Black "Kheerthi Ganta"]
[Result "1-0"]
[ECO "C55"]
[WhiteElo "2165"]
[BlackElo "1987"]
[Annotator "RC"]
[PlyCount "87"]
[EventDate "2024.06.29"]
[EventType "swiss"]
[EventCountry "AZE"]
[SourceTitle "playchess.com"]
[Source "ChessBase"]
[SourceQuality "1"]
[TimeControl "5400+30"]

1. e4 e5 2. Nf3 Nc6 3. Bc4 Nf6 4. d3 h6 5. Nc3 d6 6. h3 Na5 7. Be3 Be7 8. Qd2 Nxc4 9. dxc4 c6 10. a3 O-O 11. O-O Be6 12. Qe2 Qc7 13. Nd2 d5 14. cxd5 cxd5 15. exd5 Nxd5 16. Nxd5 Bxd5 17. c4 Bc6 18. b4 b6 19. Rfc1 f5 20. c5 b5 21. f3 a6 22. Nb3 Bf6 23. Rab1 e4 24. f4 Rad8 25. Rd1 Bd5 26. Na5 Bf7 27. Qf2 Rxd1+ 28. Rxd1 Rd8 29. Rc1 Rd3 30. c6 Bd8 31. Nb7 Bc4 32. Nxd8 Qxd8 33. Bb6 Qc8 34. c7 e3 35. Qh4 Kh7 36. Qd8 Rxd8 37. cxd8=Q Qe6 38. Qd4 e2 39. Qe3 Qd6 40. Bd4 Qd7 41. Kf2 Qd5 42. Qe5 Qf7 43. Rxc4 bxc4 44. Kxe2 1-0